Map: Oxide LE

Players

Cham - Winner!

  • Race: Zerg Zerg

Pacomike

  • Race: Protoss Protoss

Event: DreamHack SC2 Masters 2021 Winter

VOD

Have the link to the VOD?

Description

Time

  • Played on: Sept. 29, 2021, 5:09 p.m.
  • Length: 12:35

All games in this series

Show
View Real Time Build Order
Export as new Build Order

Cham Zerg - Winner!

Build Orders: Hatch First 

Get SALT Encoding   

  12  0:00  Drone  
  13  0:08  Drone  
  14  0:17  Overlord  
  15  0:35  Drone x2  
  16  0:47  Hatchery  
  15  0:51  Drone  
  15  0:56  Drone  
  17  0:58  Drone  
  18  1:12  Spawning Pool  
  18  1:15  Extractor  
  18  1:17  Drone  
  17  1:20  Drone  
  18  1:29  Drone  
  19  1:40  Drone  
  20  1:52  Drone  
  21  1:59  Queen  
  21  2:00  Queen  
  21  2:01  Zergling x2  
  26  2:02  Zergling x2  
  27  2:13  Drone  
  27  2:14  Overlord  
  28  2:18  Metabolic Boost  
  28  2:34  Drone  
  28  2:36  Drone x3  
  32  2:41  Hatchery  
  31  2:47  Queen  
  33  2:53  Overlord  
  33  2:55  Drone  
  34  3:00  Drone x2  
  36  3:07  Overlord  
  36  3:11  Drone x3  
  39  3:13  Drone  
  39  3:14  Drone  
  39  3:16  Drone  
  42  3:23  Overlord  
  42  3:27  Queen  
  42  3:29  Drone  
  45  3:35  Overlord  
  45  3:38  Overlord  
  45  3:44  Zergling x4  
  45  3:45  Drone  
  45  3:47  Queen  
  50  3:50  Spore Crawler  
  50  3:53  Drone x2  
  51  3:56  Drone x2  
  51  3:57  Drone  
  51  3:58  Drone  
  55  4:03  Drone  
  55  4:05  Spore Crawler  
  55  4:12  Drone  
  55  4:13  Spore Crawler  
  55  4:14  Drone  
  56  4:17  Overlord  
  56  4:18  Drone x4  
  56  4:19  Drone  
  61  4:27  Lair  
  61  4:28  Drone x2  
  62  4:34  Roach Warren  
  62  4:36  Drone  
  62  4:39  Overlord, Drone  
  62  4:42  Extractor, Drone  
  62  4:43  Overlord  
  62  4:44  Extractor  
  62  4:45  Extractor, Drone x2  
  64  4:47  Drone  
  64  4:51  Overlord  
  64  4:53  Drone x3  
  64  4:54  Drone  
  68  5:07  Drone x2  
  68  5:08  Overlord  
  68  5:09  Drone  
  68  5:10  Drone x2  
  68  5:11  Extractor  
  68  5:12  Extractor  
  68  5:13  Drone  
  72  5:17  Drone x3  
  75  5:21  Drone  
  75  5:23  Drone x3  
  75  5:24  Evolution Chamber  
  75  5:26  Hatchery  
  77  5:41  Queen, Drone x3  
  77  5:42  Queen x2  
  86  5:46  Infestation Pit  
  86  5:47  Overlord  
  85  5:50  Overlord  
  85  5:54  Roach x4  
  93  6:04  Roach  
  93  6:05  Roach x4  
  93  6:08  Roach x2  
  105  6:14  Roach x4  
  107  6:24  Roach x4  
  111  6:37  Ravager  
  111  6:38  Roach x6  
  124  6:40  Roach  
  124  6:45  Ravager  
  124  6:46  Roach x2  
  119  6:55  Drone x3  
  122  7:02  Drone  
  122  7:03  Drone x3  
  126  7:10  Hive  
  126  7:13  Zerg Missile Weapons Level 1, Glial Reconstitution  
  126  7:16  Overlord  
  126  7:20  Drone x5  
  128  7:32  Roach x5  
  128  7:38  Roach x2  
  128  7:39  Roach  
  128  7:40  Roach x2  
  128  7:41  Roach x2  
  136  7:49  Roach x4  
  136  7:50  Roach  
  135  7:55  Roach x3  
  135  7:58  Roach  
  132  7:59  Drone  
  131  8:09  Extractor  
  131  8:10  Extractor, Roach x5  
  131  8:11  Roach x2  
  137  8:14  Roach  
  137  8:15  Roach  
  137  8:17  Roach  
  134  8:23  Overlord  
  134  8:31  Drone x6  
  134  8:33  Drone  
  131  8:43  Drone x2  
  131  8:44  Drone  
  131  8:45  Drone  
  129  9:01  Viper  
  129  9:02  Viper x3  
  130  9:04  Roach x3  
  130  9:08  Queen x3  
  144  9:11  Roach x2  
  144  9:15  Roach x2  
  150  9:24  Spore Crawler  
  148  9:27  Spore Crawler  
  140  9:35  Spore Crawler  
  140  9:38  Spore Crawler  
  134  9:43  Queen x2  
  134  9:44  Queen  
  136  9:47  Spore Crawler  
  129  9:58  Hydralisk Den  
  122  10:03  Roach  
  122  10:04  Roach x5  
  124  10:25  Lair  
  124  10:27  Hydralisk  
  124  10:28  Hydralisk x4  
  130  10:35  Hatchery  
  129  10:44  Drone  
  129  10:45  Drone, Hatchery  
  129  10:46  Drone  
  131  10:50  Grooved Spines  
  131  10:58  Hydralisk x3  
  137  11:15  Hydralisk  
  139  11:21  Overlord x2  
  131  11:42  Drone x5  
  131  11:43  Hydralisk  
  138  11:49  Hydralisk  
  132  12:05  Hydralisk  
  132  12:06  Hydralisk x4  
Show
View Real Time Build Order
Export as new Build Order

Pacomike Protoss 

Build Orders: 1 Gate Expand 

Get SALT Encoding   

  12  0:00  Probe  
  13  0:12  Probe  
  14  0:17  Pylon  
  14  0:24  Probe (Chrono Boost)  
  15  0:36  Probe (Chrono Boost)  
  16  0:43  Gateway  
  16  0:45  Probe (Chrono Boost)  
  16  0:49  Assimilator  
  17  0:51  Probe  
  18  1:03  Probe  
  19  1:15  Probe  
  20  1:25  Nexus  
  20  1:37  Cybernetics Core  
  20  1:38  Probe  
  21  1:45  Assimilator  
  21  1:50  Probe  
  21  1:53  Pylon  
  22  2:03  Probe (Chrono Boost)  
  23  2:15  Probe (Chrono Boost)  
  24  2:21  Stargate  
  24  2:22  Probe (Chrono Boost)  
  25  2:25  Adept  
  25  2:29  Probe (Chrono Boost)  
  26  2:35  Warp Gate  
  27  2:38  Probe (Chrono Boost)  
  27  2:41  Probe (Chrono Boost)  
  29  2:46  Probe (Chrono Boost)  
  29  2:48  Probe (Chrono Boost)  
  31  2:51  Probe (Chrono Boost)  
  31  2:55  Probe  
  31  2:56  Void Ray (Chrono Boost)  
  31  2:57  Gateway  
  33  3:04  Probe  
  38  3:07  Probe  
  38  3:10  Adept  
  41  3:16  Probe  
  41  3:17  Pylon  
  43  3:20  Probe  
  43  3:28  Probe  
  43  3:29  Void Ray  
  43  3:32  Probe  
  45  3:40  Probe  
  50  3:44  Probe  
  51  3:50  Pylon  
  51  3:55  Twilight Council  
  51  3:59  Nexus  
  51  4:12  Robotics Facility, Gateway  
  51  4:15  Gateway  
  51  4:21  Charge (Chrono Boost)  
  51  4:29  Gateway x2  
  51  4:40  Gateway  
  51  4:43  Gateway  
  51  4:44  Pylon  
  51  4:48  Zealot x2  
  55  4:53  Pylon  
  55  5:04  Warp Prism (Chrono Boost)  
  57  5:07  Shield Battery  
  57  5:14  Zealot x2  
  61  5:26  Probe x3, Pylon  
  61  5:27  Pylon  
  64  5:45  Zealot x3  
  64  5:46  Sentry x2, Zealot  
  76  5:54  Probe x3  
  75  6:06  Probe x2  
  75  6:07  Zealot x3  
  75  6:08  Zealot  
  75  6:13  Zealot x4  
  75  6:14  Zealot x2  
  75  6:16  Probe, Warp Prism  
  86  6:23  Void Ray (Chrono Boost)  
  86  6:28  Probe  
  86  6:31  Stargate  
  89  6:33  Probe  
  89  6:34  Pylon  
  82  6:41  Probe  
  69  6:50  Probe (Chrono Boost)  
  69  6:51  Assimilator  
  69  6:52  Assimilator  
  69  6:53  Probe (Chrono Boost)  
  69  6:54  Probe (Chrono Boost)  
  64  6:58  Void Ray (Chrono Boost)  
  65  7:03  Probe (Chrono Boost), Assimilator  
  65  7:04  Probe (Chrono Boost)  
  65  7:05  Probe (Chrono Boost)  
  65  7:06  Assimilator  
  71  7:11  Probe (Chrono Boost)  
  71  7:12  Probe x2 (Chrono Boost)  
  74  7:16  Probe x2 (Chrono Boost)  
  74  7:17  Probe (Chrono Boost)  
  74  7:18  Zealot x6  
  89  7:26  Probe  
  89  7:28  Probe x2  
  88  7:30  Immortal  
  88  7:34  Void Ray (Chrono Boost)  
  83  7:43  Zealot x4  
  83  7:44  Zealot x2  
  85  7:49  Zealot x3  
  78  7:57  Probe (Chrono Boost)  
  71  8:00  Probe (Chrono Boost), Void Ray  
  71  8:01  Probe (Chrono Boost)  
  65  8:08  Probe (Chrono Boost)  
  65  8:12  Probe x2 (Chrono Boost)  
  71  8:13  Probe (Chrono Boost)  
  71  8:14  Zealot x3  
  78  8:20  Probe  
  78  8:21  Probe  
  78  8:23  Probe  
  79  8:27  Void Ray  
  79  8:29  Pylon  
  79  8:32  Probe  
  79  8:33  Probe  
  74  8:52  Nexus  
  74  8:55  Zealot x3  
  70  8:56  Zealot  
  68  9:06  Probe x2 (Chrono Boost)  
  68  9:10  Shield Battery  
  62  9:17  Probe x2 (Chrono Boost)  
  62  9:21  Probe (Chrono Boost)  
  62  9:23  Zealot x3  
  69  9:31  Void Ray  
  74  9:45  Zealot x2  
  76  9:46  Void Ray  
  75  9:59  Adept, Sentry x2  
  81  10:05  Stalker x3  
  72  10:32  Cybernetics Core  
  76  10:36  Phoenix x2  
  76  10:37  Fleet Beacon  
  76  10:55  Nexus  
  76  11:02  Observer  
  77  11:04  Phoenix  
  79  11:16  Zealot x3  
  83  11:39  Phoenix x2 (Chrono Boost)  
  81  11:45  Probe x2  
  77  11:54  Zealot  
  77  11:55  Zealot x2  
  77  11:57  Probe  
  75  12:06  Zealot x2  
  63  12:16  Probe (Chrono Boost)  
  63  12:20  Probe (Chrono Boost)  
  63  12:21  Probe (Chrono Boost)  
  66  12:28  Probe (Chrono Boost)  

Tags
 
Add a new tag
Caveats
  • Supply blocks, unpowered buildings, or Contaminate may cause inaccurate times.
  • Supply counts are checked every 10 seconds.